[Event "Titled Tuesday Blitz March 28 Early 2023"]
[White "Kovalev, Vladislav"]
[Black "Castellanos Villela, Alejandro"]
[WhiteFideId "13504398"]
[BlackFideId "3446379"]
[WhiteElo "2555"]
[BlackElo "2102"]
[Result "1-0"]
[Round "05"]
[TimeControl "180+2"]
[Date "2023.03.28"]
[WhiteClock "0:00:07"]
[BlackClock "0:00:02"]

1. e4 c5 2. Nf3 d6 3. d4 cxd4 4. Nxd4 Nf6 5. Nc3 a6 6. Rg1 e5 7. Nb3 Be6 8. g4 h6 9. h4 d5 10. exd5 Nxd5 11. Nxd5 Bxd5 12. Be3 Be7 13. g5 hxg5 14. hxg5 Nc6 15. g6 f5 16. c3 f4 17. Bc5 Bxb3 18. Qxb3 Rf8 19. Qxb7 Na5 20. Qb4 Nc6 21. Qa4 Qd7 22. Rd1 Qb7 23. Bxe7 Kxe7 24. Qa3+ Ke8 25. Bc4 Ne7 26. Bf7+ Rxf7 27. gxf7+ Kxf7 28. Qb3+ Qxb3 29. axb3 a5 30. Kd2 Rh8 31. Kc2 Rh2 32. Rd2 Kf6 33. Ra1 e4 34. Rxa5 Nf5 35. Ra4 Ke5 36. b4 g5 37. Ra5+ Kf6 38. b5 e3 39. Ra6+ Ke5 40. fxe3 Nxe3+ 41. Kd3 Rh8 42. b6 g4 43. Ra5+ Kf6 44. Rb5 g3 45. b7 Rb8 46. Ke4 g2 47. Rxg2 Nxg2 48. Kf3 Nh4+ 49. Kxf4 Ng6+ 50. Ke4 Ne7 51. Kd4 Ke6 52. Kc5 Kd7 53. Kb6 Kd6 54. c4 Kd7 55. b4 Kd6 56. Rh5 Kd7 57. c5 Rf8 58. b5 Rb8 59. c6+ Kd6 60. Rh6+ Kd5 61. c7 Nc8+ 62. Ka6 Rxb7 63. Kxb7 1-0


[Site "https://www.chess.com"]

[Event "Titled Tuesday Blitz March 28 Early 2023"]
[White "Nurmanova, Alua"]
[Black "Pakleza, Zbigniew"]
[WhiteFideId "13729390"]
[BlackFideId "1119290"]
[WhiteElo "2253"]
[BlackElo "2410"]
[Result "1-0"]
[Round "05"]
[TimeControl "180+2"]
[Date "2023.03.28"]
[WhiteClock "0:00:10"]
[BlackClock "0:00:03"]

1. e4 d6 2. d4 Nf6 3. Nc3 c6 4. Nf3 Bg4 5. h3 Bh5 6. a4 e6 7. Be2 d5 8. Bg5 Be7 9. e5 Nfd7 10. Bxe7 Qxe7 11. O-O O-O 12. Qd2 a6 13. a5 c5 14. dxc5 Nc6 15. Na4 Nxc5 16. Nxc5 Qxc5 17. Rfe1 Rac8 18. c3 Bxf3 19. Bxf3 Nxa5 20. Qg5 Nc4 21. Ra4 h6 22. Qg3 b5 23. Rxa6 Nxb2 24. Re3 Na4 25. Be2 Nxc3 26. Bd3 d4 27. Rf3 Ra8 28. Rxa8 Rxa8 29. Qf4 Ra7 30. Rg3 Kf8 31. Kh2 b4 32. Qh4 Qe7 33. Qh5 b3 34. Qg4 Ke8 35. Qxd4 Rc7 36. Qb6 Qc5 37. Qb8+ Rc8 38. Qxb3 Nd5 39. Qa4+ Kf8 40. Qg4 g6 41. Qh4 Qxf2 42. Qxh6+ Ke7 43. Qg5+ Kd7 44. Bb5+ Kc7 45. Rf3 Qc5 46. Rxf7+ Kb6 47. Bd7 Rc7 48. Bxe6 Ne3 49. Rxc7 Kxc7 50. Qf4 g5 51. Qxg5 Nf1+ 52. Kh1 Qf2 53. Qe7+ Kb6 54. Qd6+ Kb5 55. Bd7+ Kc4 56. Qa6+ Kc3 57. Qa3+ Kd4 58. Qa7+ Kxe5 59. Qxf2 1-0


[Site "https://www.chess.com"]

[Event "Titled Tuesday Blitz March 28 Early 2023"]
[White "Urazayev, Arystanbek"]
[Black "Belov, Alexei"]
[WhiteFideId "13709810"]
[BlackFideId "4128206"]
[WhiteElo "2479"]
[BlackElo "2551"]
[Result "0-1"]
[Round "05"]
[TimeControl "180+2"]
[Date "2023.03.28"]
[WhiteClock "0:00:58"]
[BlackClock "0:00:21"]

1. d4 e6 2. c4 d5 3. Nf3 Nf6 4. Nc3 Be7 5. cxd5 exd5 6. Bf4 c6 7. h3 Bf5 8. e3 Nbd7 9. g4 Bg6 10. Ne5 Nxe5 11. Bxe5 O-O 12. Bg2 Ne4 13. Nxe4 Bxe4 14. Bxe4 dxe4 15. Qb3 Bd6 16. Bxd6 Qxd6 17. O-O-O a5 18. a3 a4 19. Qc4 Rfd8 20. Kb1 b5 21. Qc5 Qxc5 22. dxc5 Kf8 23. Kc2 Ke7 24. Kc3 Ke6 25. Rd4 Rxd4 26. Kxd4 f5 27. gxf5+ Kxf5 28. Kc3 Rd8 29. Rg1 g5 30. Kb4 Rd5 31. Rc1 g4 32. h4 Rd2 33. Ka5 Rxf2 34. Kb6 g3 35. Kxc6 g2 36. Rg1 Rxb2 37. Rd1 Kg4 38. Rd7 Kh3 39. Rg7 Kh2 0-1


[Site "https://www.chess.com"]

[Event "Titled Tuesday Blitz March 28 Early 2023"]
[White "Defend1r"]
[Black "Timofeev, Artyom"]
[BlackFideId "4140419"]
[WhiteElo "2542"]
[BlackElo "2586"]
[Result "0-1"]
[Round "05"]
[TimeControl "180+2"]
[Date "2023.03.28"]
[WhiteClock "0:00:08"]
[BlackClock "0:00:05"]

1. e4 e5 2. Nf3 d5 3. Nxe5 Bd6 4. d4 dxe4 5. Nc3 Nf6 6. Bc4 O-O 7. O-O Nc6 8. Nxc6 bxc6 9. Bg5 Re8 10. Bh4 Bf5 11. Qe2 h6 12. Rae1 Bf4 13. Bb3 Qxd4 14. Rd1 Qe5 15. Qc4 Be6 16. Qxc6 Bxh2+ 17. Kh1 Bf4 18. Bxe6 fxe6 19. g3 Bg5 20. Qb5 Qxb5 21. Nxb5 Bxh4 22. gxh4 Rab8 23. Nxc7 Rec8 24. Nxe6 Rb6 25. Nd4 Rxb2 26. a4 Ra2 27. Ra1 Rxa1 28. Rxa1 Rc4 29. Nb5 a6 30. Nd6 Rxc2 31. Kg1 Kh7 32. a5 Kg6 33. Ra4 Rc5 34. Nb7 Rd5 35. Rb4 Nd7 36. Rc4 Rb5 37. Rc6+ Kh7 38. Rc7 Ne5 39. Kg2 Nf3 40. Kg3 Kg6 41. Nd6 Rxa5 42. Nxe4 Ne5 43. Ra7 Ra3+ 44. Kg2 a5 45. Nc5 Ng4 46. h5+ Kxh5 47. Rxg7 Ra2 48. Ne4 Nxf2 49. Nf6+ Kh4 50. Kf3 Rb2 51. Rg2 Rb3+ 52. Kxf2 Rb2+ 53. Kf3 Rxg2 54. Kxg2 a4 55. Nd5 a3 56. Nc3 Kg4 57. Kf2 Kf4 58. Ke2 h5 59. Kd2 h4 60. Kc2 Kf3 61. Nd5 h3 62. Kb3 h2 63. Kxa3 h1=Q 64. Kb4 Ke4 65. Nc3+ Ke5 66. Kc4 Qc6+ 67. Kd3 Qc5 68. Ne2 Qb5+ 69. Ke3 Qb3+ 70. Kd2 Ke4 71. Nc3+ Kf3 72. Kd3 Qb4 73. Nd5 Qe4+ 0-1


[Site "https://www.chess.com"]

[Event "Titled Tuesday Blitz March 28 Early 2023"]
[White "Ohanyan, Emin"]
[Black "Rangel, Daniel"]
[WhiteFideId "13312022"]
[BlackFideId "2124475"]
[WhiteElo "2402"]
[BlackElo "2256"]
[Result "1-0"]
[Round "05"]
[TimeControl "180+2"]
[Date "2023.03.28"]
[WhiteClock "0:00:18"]
[BlackClock "0:00:03"]

1. e4 c5 2. Nf3 g6 3. d4 cxd4 4. Nxd4 Bg7 5. Nc3 Nc6 6. Be3 Nf6 7. Nxc6 bxc6 8. e5 Ng8 9. Bd4 Nh6 10. e6 O-O 11. Bxg7 Kxg7 12. Qd4+ f6 13. exd7 Qxd7 14. Qxd7 Bxd7 15. O-O-O Be6 16. Ba6 Rad8 17. Rxd8 Rxd8 18. Re1 Kf7 19. Na4 Bc8 20. Bc4+ Kf8 21. Nc5 e5 22. h3 Nf5 23. b4 Rd4 24. Be6 Rd8 25. Bxc8 Rxc8 26. Rd1 Re8 27. c3 h5 28. g4 hxg4 29. hxg4 Nh6 30. g5 fxg5 31. Rd6 Ng4 32. Ne4 Kg7 33. Rxc6 Rf8 34. Rc7+ Kh6 35. Rxa7 Nxf2 36. Ng3 g4 37. b5 Rf3 38. Ne2 g3 39. b6 g2 40. b7 Nd3+ 41. Kd2 Rf2 42. b8=Q g1=Q 43. Qh8+ Kg5 44. Qd8+ Kg4 45. Qxd3 Qa1 46. Qg3+ Kh5 47. Rh7# 1-0


[Site "https://www.chess.com"]

[Event "Titled Tuesday Blitz March 28 Early 2023"]
[White "Dixit, Nikhil"]
[Black "Dzhumagaliev, Yan"]
[WhiteFideId "5059534"]
[BlackFideId "24100110"]
[WhiteElo "2207"]
[BlackElo "2476"]
[Result "1-0"]
[Round "05"]
[TimeControl "180+2"]
[Date "2023.03.28"]
[WhiteClock "0:00:11"]
[BlackClock "0:00:01"]

1. e4 c5 2. Nf3 e6 3. g3 Nc6 4. Bg2 d5 5. exd5 exd5 6. O-O Nf6 7. d4 Be7 8. dxc5 Bxc5 9. Re1+ Ne4 10. Be3 Be7 11. Nc3 Nxc3 12. bxc3 O-O 13. Nd4 Bf6 14. Qd2 Ne5 15. Bf4 Nc4 16. Qd3 a6 17. Nb3 Nb2 18. Qxd5 Qxd5 19. Bxd5 Na4 20. Be5 Nxc3 21. Bf3 Bxe5 22. Rxe5 Rb8 23. a4 b5 24. a5 Na4 25. Rae1 Be6 26. Bd5 Bxd5 27. Rxd5 Rfd8 28. Rxd8+ Rxd8 29. Re7 g5 30. Rc7 Rd6 31. Kg2 g4 32. h3 h5 33. hxg4 hxg4 34. c4 Rd3 35. cxb5 Rxb3 36. bxa6 Rb8 37. Rc4 Nb2 38. Rb4 Ra8 39. Rxb2 Rxa6 40. Rb5 Kh7 41. Rg5 Kh6 42. Rxg4 Rxa5 43. Rf4 Kg6 44. Rf3 f6 45. Re3 Rb5 46. Re1 Ra5 47. Rh1 Rb5 48. Rh4 Ra5 49. Rg4+ Kf7 50. Rc4 Kg6 51. Kf3 Kg5 52. Rg4+ Kf5 53. Rf4+ Kg6 54. Rd4 Kf5 55. Rd8 Ra3+ 56. Kg2 Kg6 57. Rd5 Kh6 58. f3 Kg6 59. g4 Ra4 60. Kg3 Rb4 61. Rd8 Ra4 62. Rc8 Rb4 63. Rc6 Ra4 64. Rd6 Rb4 65. Ra6 Rc4 66. f4 Kg7 67. f5 Rb4 68. Ra7+ Kg8 69. Kh4 Rb6 70. Kh5 Kf8 71. Kg6 Ke8 72. Rc7 Rb4 73. Kxf6 Rxg4 74. Rc8+ Kd7 75. Ra8 Rg1 76. Kf7 Rg2 77. f6 Rg1 78. Ra2 Rg3 79. Rd2+ Kc6 80. Ke7 Re3+ 81. Kf8 Rg3 82. f7 Rg1 83. Rd3 Kc7 84. Rd4 Kc6 85. Ke7 1-0


[Site "https://www.chess.com"]

[Event "Titled Tuesday Blitz March 28 Early 2023"]
[White "Pniaczek, Marek"]
[Black "Gabrielian, Artur"]
[WhiteFideId "21800421"]
[BlackFideId "4131002"]
[WhiteElo "2138"]
[BlackElo "2432"]
[Result "0-1"]
[Round "05"]
[TimeControl "180+2"]
[Date "2023.03.28"]
[WhiteClock "0:00:16"]
[BlackClock "0:01:11"]

1. e4 c5 2. Nf3 d6 3. d4 cxd4 4. Qxd4 Nc6 5. Bb5 Bd7 6. Bxc6 Bxc6 7. Nc3 Nf6 8. Bg5 e6 9. O-O-O Be7 10. Bxf6 Bxf6 11. Qxd6 Qxd6 12. Rxd6 Bxc3 13. bxc3 Bxe4 14. Ne5 Rc8 15. Rd4 Bg6 16. Kb2 f6 17. Nxg6 hxg6 18. Re1 Ke7 19. h4 Rh5 20. Red1 Rc7 21. c4 Rhc5 22. Kb3 e5 23. Rg4 Kf7 24. a4 f5 25. Rg3 Rxc4 26. Rd6 Rxc2 27. Rdxg6 R7c3+ 28. Rxc3 Rxc3+ 29. Kxc3 Kxg6 30. Kc4 Kh5 31. Kd5 e4 32. Ke5 g6 33. g3 b6 34. Kf4 a6 35. f3 e3 36. Kxe3 b5 37. axb5 axb5 38. Kd4 f4 39. gxf4 Kxh4 40. Kc5 Kg3 41. f5 gxf5 42. Kxb5 Kxf3 43. Kc4 Ke3 0-1


[Site "https://www.chess.com"]

[Event "Titled Tuesday Blitz March 28 Early 2023"]
[White "Sliwicki, Damian"]
[Black "Sochacki, Christophe"]
[WhiteFideId "1127128"]
[BlackFideId "662569"]
[WhiteElo "2030"]
[BlackElo "2474"]
[Result "0-1"]
[Round "05"]
[TimeControl "180+2"]
[Date "2023.03.28"]
[WhiteClock "0:00:02"]
[BlackClock "0:01:07"]

1. e4 e6 2. d4 d5 3. exd5 exd5 4. Nf3 Bd6 5. c4 c6 6. Nc3 Nf6 7. cxd5 Nxd5 8. Nxd5 cxd5 9. Bb5+ Nc6 10. O-O O-O 11. h3 Bf5 12. Bg5 Qb6 13. Bd3 Be4 14. Be3 Qxb2 15. Bxe4 dxe4 16. Nd2 f5 17. Rb1 Qxa2 18. Rxb7 Na5 19. Rb5 f4 20. Rxa5 Qxa5 21. Nc4 Qd5 22. Nxd6 fxe3 0-1


[Site "https://www.chess.com"]

[Event "Titled Tuesday Blitz March 28 Early 2023"]
[White "Martinez Alcantara, Jose Eduardo"]
[Black "Shubenkova, Veronika"]
[WhiteFideId "3805662"]
[BlackFideId "44124040"]
[WhiteElo "2712"]
[BlackElo "2027"]
[Result "1-0"]
[Round "05"]
[TimeControl "180+2"]
[Date "2023.03.28"]
[WhiteClock "0:01:25"]
[BlackClock "0:01:24"]

1. e4 e6 2. d4 d5 3. Nd2 Nf6 4. e5 Nfd7 5. c3 c5 6. f4 Nc6 7. Ndf3 a6 8. Bd3 b5 9. Ne2 Qb6 10. O-O Bb7 11. Kh1 c4 12. Bc2 g6 13. Be3 Be7 14. b3 h5 15. Qd2 Na5 16. Rfb1 O-O-O 17. Bf2 f6 18. Bxg6 Rdg8 19. Bc2 fxe5 20. fxe5 h4 21. Nf4 Nf8 22. h3 Kb8 23. Qe1 Nc6 24. bxc4 dxc4 25. Be4 Nd8 26. a4 b4 27. cxb4 Bg5 28. Nxg5 Rxg5 29. a5 Qb5 30. Bxh4 Bxe4 31. Bxg5 Bxb1 32. Rxb1 Nf7 33. Bf6 Rh7 34. d5 Qb7 35. dxe6 Nxe6 36. Nxe6 Rxh3+ 37. Kg1 Rh6 38. Rd1 Rg6 39. Qf2 Qc6 40. Nc5 Nh6 41. Rd8+ Kc7 42. Ne6+ Qxe6 43. Qa7+ Kc6 44. Qb6# 1-0


[Site "https://www.chess.com"]

[Event "Titled Tuesday Blitz March 28 Early 2023"]
[White "Rozman, Levy"]
[Black "Sasikiran, Krishnan"]
[WhiteFideId "2039877"]
[BlackFideId "5004985"]
[WhiteElo "2376"]
[BlackElo "2567"]
[Result "0-1"]
[Round "05"]
[TimeControl "180+2"]
[Date "2023.03.28"]
[WhiteClock "0:00:01"]
[BlackClock "0:01:10"]

1. e4 c5 2. Nc3 d6 3. d4 cxd4 4. Qxd4 Nc6 5. Qd2 g6 6. b3 Bh6 7. f4 f5 8. Bb2 Nf6 9. O-O-O fxe4 10. Kb1 Rf8 11. g3 Qa5 12. Bg2 Bf5 13. h3 Nb4 14. a3 Nxc2 15. Qxc2 e3 16. Ne4 Rc8 17. Qd3 d5 18. b4 Qb6 19. Bxf6 dxe4 20. Bxe4 Qxf6 21. Bxf5 gxf5 22. Nf3 Rc3 23. Qd7+ Kf7 24. Qd5+ Kg7 25. Nd4 Kh8 26. Rhe1 Bg7 27. Qxb7 Rd8 28. Kb2 Rc4 29. Kb3 Rcxd4 0-1


[Site "https://www.chess.com"]

[Event "Titled Tuesday Blitz March 28 Early 2023"]
[White "Poormosavi, Seyed Kian"]
[Black "Svane, Frederik"]
[WhiteFideId "12585807"]
[BlackFideId "12923044"]
[WhiteElo "2334"]
[BlackElo "2502"]
[Result "0-1"]
[Round "05"]
[TimeControl "180+2"]
[Date "2023.03.28"]
[WhiteClock "0:01:39"]
[BlackClock "0:01:34"]

1. Nf3 g6 2. g3 Bg7 3. d4 c5 4. c3 Qa5 5. dxc5 Qxc5 6. Bg2 Nf6 7. O-O O-O 8. Be3 Qc7 9. Nbd2 Nc6 10. h3 d5 11. a4 Rd8 12. Nb3 e5 13. a5 h6 14. Nfd2 Qe7 15. Kh2 d4 16. cxd4 exd4 17. Bf4 g5 18. Bxg5 hxg5 19. a6 Rb8 20. Nc4 b5 21. Nca5 Nxa5 22. Nxa5 Bd7 23. Qd2 Ne4 24. Qd3 Nc5 25. Qd2 Rb6 26. b4 Nxa6 27. Nb7 Rb8 28. Nc5 Nxc5 29. bxc5 Qxc5 30. Rxa7 Be6 31. Rc1 Qe5 32. Rac7 Bf8 33. Rd1 b4 34. Rcc1 b3 35. Qxd4 Qxd4 36. Rxd4 b2 37. Rb1 Ba2 0-1


[Site "https://www.chess.com"]

[Event "Titled Tuesday Blitz March 28 Early 2023"]
[White "Al-Tarboush, Ward"]
[Black "Ozen, Deniz"]
[WhiteFideId "7601450"]
[BlackFideId "6349196"]
[WhiteElo "2257"]
[BlackElo "2303"]
[Result "0-1"]
[Round "05"]
[TimeControl "180+2"]
[Date "2023.03.28"]
[WhiteClock "0:00:03"]
[BlackClock "0:01:40"]

1. e4 e5 2. Nf3 Nf6 3. Nxe5 d5 4. exd5 Qxd5 5. d4 Nc6 6. Nxc6 Qxc6 7. Nc3 Bb4 8. Qf3 Qb6 9. Be3 Bg4 10. Qg3 Bd6 11. Bf4 Bxf4 12. Qxf4 O-O-O 13. Bb5 a6 14. h3 Bh5 15. g4 Bg6 16. g5 Nh5 17. Qg4+ Kb8 18. Bd3 Rxd4 19. Qf3 Qxb2 20. Rb1 Qxc3+ 21. Kf1 Bxd3+ 22. cxd3 Qxd3+ 23. Qxd3 Rxd3 0-1


[Site "https://www.chess.com"]

[Event "Titled Tuesday Blitz March 28 Early 2023"]
[White "Pichot, Alan"]
[Black "Tica, Sven"]
[WhiteFideId "110973"]
[BlackFideId "14526948"]
[WhiteElo "2573"]
[BlackElo "2348"]
[Result "1-0"]
[Round "05"]
[TimeControl "180+2"]
[Date "2023.03.28"]
[WhiteClock "0:01:34"]
[BlackClock "0:02:00"]

1. e4 g6 2. d4 Bg7 3. Nf3 d6 4. Bc4 e6 5. O-O Nd7 6. Re1 Ne7 7. Bf1 O-O 8. c4 c5 9. Nc3 a6 10. Be3 Qc7 11. Qd2 b6 12. Rad1 Rd8 13. Bg5 f6 14. Bh4 cxd4 15. Nxd4 Nc5 16. b4 Nb7 17. Rc1 e5 18. Nd5 Nxd5 19. cxd5 Qf7 20. Ne6 Bxe6 21. dxe6 Qe7 22. Qd5 Rdc8 23. Rxc8+ Rxc8 24. Bxa6 Rc7 25. Bxb7 Rxb7 26. Rc1 Bf8 27. Bxf6 1-0


[Site "https://www.chess.com"]

[Event "Titled Tuesday Blitz March 28 Early 2023"]
[White "Kuzmin, Roman"]
[Black "Ozen, Bahadir"]
[WhiteFideId "44134932"]
[BlackFideId "6337058"]
[WhiteElo "2146"]
[BlackElo "2503"]
[Result "0-1"]
[Round "05"]
[TimeControl "180+2"]
[Date "2023.03.28"]
[WhiteClock "0:00:11"]
[BlackClock "0:00:55"]

1. e4 g6 2. d4 Bg7 3. Nc3 a6 4. h4 h5 5. Nf3 d6 6. Ng5 c6 7. Bc4 d5 8. exd5 b5 9. Bb3 b4 10. dxc6 Nh6 11. Qf3 O-O 12. Ne2 Bg4 13. c7 Qxc7 14. Qxa8 Nc6 15. Bf4 Qb6 16. Qxf8+ Kxf8 17. f3 Bd7 18. O-O-O Na5 19. Rhe1 Nxb3+ 20. axb3 Nf5 21. g3 a5 22. Kb1 a4 23. bxa4 Bxa4 24. b3 Bb5 25. Be5 Ne3 26. Bxg7+ Kxg7 27. Rc1 Bxe2 28. Rxe2 Nd5 29. Kb2 Qxd4+ 30. c3 bxc3+ 31. Kb1 Qd3+ 32. Rcc2 Qd1+ 33. Ka2 Nb4+ 34. Ka3 Nxc2+ 0-1


[Site "https://www.chess.com"]

[Event "Titled Tuesday Blitz March 28 Early 2023"]
[White "Flores, Diego"]
[Black "Jain Kashish Manoj"]
[WhiteFideId "108049"]
[BlackFideId "35081098"]
[WhiteElo "2606"]
[BlackElo "2191"]
[Result "1-0"]
[Round "05"]
[TimeControl "180+2"]
[Date "2023.03.28"]
[WhiteClock "0:00:17"]
[BlackClock "0:00:03"]

1. c4 c5 2. g3 g6 3. Bg2 Bg7 4. Nc3 Nc6 5. a3 Nf6 6. Rb1 a5 7. d3 O-O 8. e4 Ne8 9. Nge2 Nc7 10. O-O Ne6 11. f4 d6 12. h3 Ned4 13. Nxd4 Nxd4 14. b4 axb4 15. axb4 cxb4 16. Rxb4 Qa5 17. Ra4 Qxc3 18. Rxa8 Nc2 19. Kh2 Nb4 20. Bd2 Qb2 21. Be3 h5 22. Rf2 Qc3 23. Bf1 Kh7 24. Qd2 Qb3 25. Be2 Qb1 26. Rf1 Qb3 27. d4 Nc2 28. Bf2 e5 29. Bd1 Qxc4 30. Be2 Qc7 31. Rc1 Qd7 32. Rxc2 Qxh3+ 33. Kg1 exd4 34. Bf1 Qg4 35. Qe2 Qd7 36. Qd3 Qg4 37. Be2 Qh3 38. Bf1 Qg4 39. Rc7 h4 40. Qe2 Qe6 41. f5 gxf5 42. Qh5+ Kg8 43. Qxf5 Qh6 44. Rcxc8 hxg3 45. Rxf8+ Bxf8 46. Qg4+ Kh8 47. Qxg3 1-0


[Site "https://www.chess.com"]

[Event "Titled Tuesday Blitz March 28 Early 2023"]
[White "Toropov, Pavel"]
[Black "Real_OceanStorm"]
[WhiteFideId "24129178"]
[WhiteElo "2182"]
[BlackElo "2788"]
[Result "0-1"]
[Round "05"]
[TimeControl "180+2"]
[Date "2023.03.28"]
[WhiteClock "0:00:15"]
[BlackClock "0:01:28"]

1. e4 d5 2. exd5 Qxd5 3. Nc3 Qe6+ 4. Nge2 Nf6 5. d4 c6 6. g3 h5 7. h4 Qd6 8. Bf4 Qd8 9. Bg2 Bg4 10. d5 Qb6 11. O-O cxd5 12. Nxd5 Nxd5 13. Qxd5 Bxe2 14. Qxb7 Bxf1 15. Kxf1 Qxb7 16. Bxb7 e5 17. Be3 Nd7 18. Bxa8 Bc5 19. Bc6 Bxe3 20. fxe3 Rh6 21. Bxd7+ Kxd7 22. Rd1+ Ke7 23. Rd5 Rc6 24. c3 Ke6 25. Ra5 a6 26. Ke2 f6 27. e4 g5 28. Rd5 gxh4 29. gxh4 Rc4 30. Kf3 f5 31. Ra5 Rxe4 32. Rxa6+ Ke7 33. a4 Rxh4 34. a5 e4+ 35. Ke3 Rh3+ 36. Kd4 Rd3+ 37. Ke5 e3 38. Kxf5 Rd5+ 39. Ke4 e2 40. Kxd5 e1=Q 41. Rb6 Qh1+ 42. Kc5 h4 43. a6 h3 44. Rb7+ Kf6 45. Kb6 h2 46. a7 Qxb7+ 47. Kxb7 h1=Q+ 48. Kb8 Qh2+ 49. Kc8 Qg2 50. Kb8 Qxb2+ 51. Kc8 Qa2 52. Kb8 Qb3+ 53. Kc8 Qe6+ 54. Kb8 Qb6+ 55. Ka8 Qc7 56. c4 Qc8# 0-1


[Site "https://www.chess.com"]

[Event "Titled Tuesday Blitz March 28 Early 2023"]
[White "Karthik, Venkataraman"]
[Black "Savitha Shri B"]
[WhiteFideId "25006479"]
[BlackFideId "35061887"]
[WhiteElo "2419"]
[BlackElo "2191"]
[Result "1-0"]
[Round "05"]
[TimeControl "180+2"]
[Date "2023.03.28"]
[WhiteClock "0:01:45"]
[BlackClock "0:00:10"]

1. b3 c5 2. Bb2 Nc6 3. e3 d5 4. Nf3 Nf6 5. Bb5 e6 6. O-O Bd7 7. c4 a6 8. Bxc6 bxc6 9. Ne5 Bd6 10. d3 O-O 11. f4 Qc7 12. Nd2 Rad8 13. Rf3 d4 14. exd4 cxd4 15. Bxd4 Bc8 16. Rh3 Bb4 17. Bb2 Qb6+ 18. Kh1 Bxd2 19. Qf3 Qa5 20. Nxc6 Qb6 21. Bxf6 Bxf4 22. Qxf4 Qxc6 23. Qg5 1-0


[Site "https://www.chess.com"]

[Event "Titled Tuesday Blitz March 28 Early 2023"]
[White "Koellner, Ruben Gideon"]
[Black "Wagner, Dennis"]
[WhiteFideId "12993093"]
[BlackFideId "24650684"]
[WhiteElo "2303"]
[BlackElo "2470"]
[Result "0-1"]
[Round "05"]
[TimeControl "180+2"]
[Date "2023.03.28"]
[WhiteClock "0:00:08"]
[BlackClock "0:00:55"]

1. d4 Nf6 2. Nf3 d5 3. e3 c5 4. c3 cxd4 5. exd4 Nc6 6. Nbd2 Bf5 7. Bb5 Rc8 8. Qa4 Bd7 9. Ne5 Nxe5 10. dxe5 Bxb5 11. Qxb5+ Qd7 12. Qb3 Ng4 13. Nf3 e6 14. h3 Nh6 15. Bxh6 gxh6 16. O-O Be7 17. Nd4 O-O 18. f4 Kh8 19. f5 Bc5 20. Rad1 exf5 21. Kh1 Rce8 22. Nxf5 Rxe5 23. Nxh6 Rh5 24. Rf6 Rxh3+ 25. gxh3 Qxh3# 0-1


[Site "https://www.chess.com"]

[Event "Titled Tuesday Blitz March 28 Early 2023"]
[White "Zheenbekov, Nurgazy"]
[Black "Csonka, Balazs"]
[WhiteFideId "13800485"]
[BlackFideId "742910"]
[WhiteElo "1975"]
[BlackElo "2404"]
[Result "0-1"]
[Round "05"]
[TimeControl "180+2"]
[Date "2023.03.28"]
[WhiteClock "0:00:59"]
[BlackClock "0:00:52"]

1. e4 c5 2. Nf3 Nc6 3. Bb5 g6 4. O-O Bg7 5. Re1 Nf6 6. c3 O-O 7. d4 d5 8. e5 Ne4 9. h3 Qb6 10. a4 Rd8 11. dxc5 Qc7 12. Bf4 Nxc5 13. Bh2 Ne6 14. Nbd2 a6 15. Bf1 d4 16. cxd4 Ncxd4 17. Rc1 Qa5 18. Nc4 Qb4 19. Nfd2 Bd7 20. a5 Bh6 21. Rc3 Bb5 22. Rb3 Nxb3 23. Qxb3 Bxd2 24. Nxd2 Qxd2 0-1


[Site "https://www.chess.com"]

[Event "Titled Tuesday Blitz March 28 Early 2023"]
[White "Ozdemir, Serhan Berat"]
[Black "Pulpan, Jakub"]
[WhiteFideId "6374611"]
[BlackFideId "302759"]
[WhiteElo "2015"]
[BlackElo "2484"]
[Result "0-1"]
[Round "05"]
[TimeControl "180+2"]
[Date "2023.03.28"]
[WhiteClock "0:00:01"]
[BlackClock "0:00:06"]

1. e4 c6 2. d4 g6 3. Nc3 Bg7 4. Bf4 d5 5. Nf3 dxe4 6. Nxe4 Nf6 7. Nxf6+ exf6 8. Bc4 O-O 9. O-O Nd7 10. Bb3 Nb6 11. h3 a5 12. a3 a4 13. Ba2 Be6 14. Bxe6 fxe6 15. Re1 Re8 16. Qd3 Qd5 17. Rad1 Nc4 18. Bc1 b5 19. Nd2 Nxd2 20. Bxd2 Rad8 21. Be3 Rd7 22. b3 Ra8 23. c4 Qf5 24. Qxf5 gxf5 25. b4 Rad8 26. Rc1 f4 27. Bxf4 Rxd4 28. Bc7 R8d7 29. Bb6 Rxc4 30. Rxc4 bxc4 31. Rxe6 Rd3 32. Rxc6 Rxa3 33. Rxc4 Rb3 34. Bd4 Bf8 35. Rc8 Kf7 36. Bc5 Bh6 37. Ra8 a3 38. b5 Bc1 39. b6 Rb1 40. Kh2 h5 41. h4 Kg6 42. g3 Kf5 43. Bxa3 Bxa3 44. Rxa3 Rxb6 45. Ra5+ Kg6 46. Kg2 Rb2 47. Kf3 Rc2 48. Rd5 Ra2 49. Rd3 Rb2 50. Ke3 Ra2 51. Rd4 Ra3+ 52. Ke4 Ra2 53. f3 Re2+ 54. Kd5 Rg2 55. g4 Rh2 56. Ke6 Re2+ 57. Kd5 Rh2 58. Re4 hxg4 59. Rxg4+ Kf5 60. Kd4 Re2 61. Re4 Rf2 62. Ke3 Rh2 63. Rg4 Rh1 64. Rf4+ Ke5 65. Rg4 Kf5 66. Kf2 Ra1 67. Kg3 Ra8 68. Rg7 Rb8 69. h5 Rb1 70. h6 Rh1 71. h7 Ke6 72. Kf4 Rh4+ 73. Kg3 Rh1 74. Kf2 Kf5 75. Ke3 Rh4 76. f4 Rh3+ 77. Kd4 Kxf4 78. Kd5 Kf5 79. Kd6 Ke4 80. Ke6 f5 81. Kf6 f4 82. Kf7 f3 83. Kg8 f2 84. Rf7 Rf3 85. h8=Q Rxf7 86. Qh4+ Rf4 87. Qe7+ Kf3 88. Qb7+ Kg3 89. Qb3+ Kh2 0-1


[Site "https://www.chess.com"]

[Event "Titled Tuesday Blitz March 28 Early 2023"]
[White "Iniyan, P"]
[Black "Maxfan2008"]
[WhiteFideId "25002767"]
[WhiteElo "2449"]
[BlackElo "2426"]
[Result "1-0"]
[Round "05"]
[TimeControl "180+2"]
[Date "2023.03.28"]
[WhiteClock "0:01:27"]
[BlackClock "0:01:01"]

1. c4 Nf6 2. Nf3 c6 3. g3 d5 4. Bg2 Bf5 5. O-O e6 6. b3 Nbd7 7. Bb2 Bd6 8. d3 O-O 9. Nh4 Bg4 10. h3 Bh5 11. Nf3 Re8 12. Nbd2 e5 13. e4 Qe7 14. exd5 cxd5 15. Re1 e4 16. dxe4 dxe4 17. Qc2 Bg6 18. Nh4 e3 19. Nxg6 exf2+ 20. Kxf2 Bxg3+ 21. Kxg3 Qd6+ 22. Kf2 fxg6 23. Ne4 Qf4+ 24. Kg1 Nh5 25. Rad1 Ne5 26. Qf2 Qh6 27. Nd6 Rf8 28. Qe3 Nf3+ 29. Bxf3 Rxf3 30. Qxf3 Nf4 31. Kh2 1-0


[Site "https://www.chess.com"]

[Event "Titled Tuesday Blitz March 28 Early 2023"]
[White "Lorenzo De La Riva, Lazaro"]
[Black "Bitoon, Richard"]
[WhiteFideId "2268809"]
[BlackFideId "5201110"]
[WhiteElo "2294"]
[BlackElo "2374"]
[Result "0-1"]
[Round "05"]
[TimeControl "180+2"]
[Date "2023.03.28"]
[WhiteClock "0:00:20"]
[BlackClock "0:01:11"]

1. e4 e5 2. Nf3 Nc6 3. Bc4 Nf6 4. Ng5 d5 5. exd5 Nd4 6. c3 b5 7. Bf1 Nxd5 8. cxd4 Qxg5 9. Bxb5+ Kd8 10. O-O Bb7 11. Qf3 Rb8 12. dxe5 Ne3 13. Qh3 Qxg2+ 14. Qxg2 Nxg2 15. d4 Be7 16. Be2 Nh4 17. f4 Nf5 18. Rd1 h5 19. d5 Bc5+ 20. Kg2 Rh6 21. Nc3 Rg6+ 22. Kf3 Nd4+ 23. Ke4 Nxe2 24. Nxe2 Rg2 25. Kf3 Rf2+ 26. Kg3 Rxe2 27. b4 Bxb4 28. Rb1 Bc5 29. Rb5 Bb6 30. a4 Ba6 31. Rb2 Bf2+ 32. Kf3 Rexb2 33. Bxb2 Rxb2 34. d6 Be2+ 0-1


[Site "https://www.chess.com"]

[Event "Titled Tuesday Blitz March 28 Early 2023"]
[White "Samant Aditya S"]
[Black "Alahakoon, Isuru"]
[WhiteFideId "35080580"]
[BlackFideId "9900993"]
[WhiteElo "2362"]
[BlackElo "1995"]
[Result "1-0"]
[Round "05"]
[TimeControl "180+2"]
[Date "2023.03.28"]
[WhiteClock "0:00:07"]
[BlackClock "0:00:06"]

1. e4 d5 2. exd5 Nf6 3. Nf3 Qxd5 4. d4 Bg4 5. Be2 Nc6 6. O-O O-O-O 7. Be3 e6 8. h3 h5 9. a3 Bd6 10. c4 Qf5 11. Nc3 Bxh3 12. Nh4 Qh7 13. gxh3 g5 14. Nf3 g4 15. Ng5 Qg7 16. h4 Ne7 17. Qa4 a6 18. c5 Bf4 19. Bxf4 Nfd5 20. Nxd5 Nxd5 21. Be5 f6 22. Nxe6 Qe7 23. c6 fxe5 24. Bxa6 Nb6 25. Bxb7+ Kb8 26. Qb3 exd4 27. Nxd8 Rxd8 28. Qg3 Nc4 29. Rfe1 Qc5 30. Rac1 Qd5 31. Rxc4 Qxc4 32. Re7 1-0


[Site "https://www.chess.com"]